 Dungeon Crawl Stone Soup version 0.18-a0-1702-gd20c6a5 (webtiles) character file.

6195 namelastname112 the Grappler (level 10, -9/99 HPs)
             Began as a Naga Monk on Apr 7, 2016.
             Was a Believer of Ru.
             Mangled by a white ugly thing (32 damage)
             ... on level 11 of the Dungeon.
             The game lasted 00:23:10 (13698 turns).

namelastname112 the Grappler (Naga Monk)           Turns: 13698, Time: 00:23:11

Health: -9/99      AC: 19    Str: 23    XL:     10   Next: 91%
Magic:  18/18      EV: 13    Int: 10    God:    Ru [**....]
Gold:   426        SH:  0    Dex: 14    Spells: 1 memorised, 5 levels left

rFire  . . .     SeeInvis +       - Unarmed
rCold  . . .     Gourm    .     t - +3 leather armour
rNeg   . . .     Faith    .     (no shield)
rPois  +         Spirit   .     o - +2 helmet {SInv}
rElec  .         Dismiss  .     c - +2 cloak
rCorr  .         Reflect  .     F - +0 pair of gloves
SustAt .         Harm     .     (no barding)
MR     +....     Clarity  +     (no amulet)
Stlth  ..........               v - ring of magical power
                                d - +6 ring of strength

@: short of breath, very slow, somewhat resistant to hostile enchantments,
extremely unstealthy
A: thin metallic scales 1, see invisible, clarity, deformed body, low mp 1,
sense surroundings 1, poison resistance, shaggy fur 1, slowness 2, slow
metabolism 1, spit poison 3, no device heal 1, subdued magic 1, no stealth,
inexperienced 1, AC +3
a: Breathe Poison Gas, Renounce Religion


You were on level 11 of the Dungeon.
You worshipped Ru.
Ru was pleased with you.
You were very hungry.

You visited 2 branches of the dungeon, and saw 12 of its levels.

You collected 491 gold pieces.
You spent 65 gold pieces at shops.

Inventory:

Armour
 c - a +2 cloak (worn)
 o - a +2 helmet of see invisible (worn)
 t - a +3 leather armour (worn)
 C - a +0 chain mail of fire resistance
 F - a +0 pair of gloves (worn)
Jewellery
 d - a +6 ring of strength (left hand)
 v - a ring of magical power (right hand)
Wands
 l - a wand of polymorph (4/24)
 n - a wand of disintegration (8/24)
 q - a wand of flame (26/48)
 s - a wand of flame (11/48)
 D - a wand of slowing (31/48)
 H - a wand of paralysis (5/24)
 I - a wand of flame (14/48)
 M - a wand of slowing (27/48)
 N - a wand of paralysis (5/24)
 P - a wand of teleportation (5/9)
Scrolls
 a - 5 scrolls of identify
 e - 2 scrolls of recharging
 f - 10 scrolls of remove curse
 g - a scroll of enchant weapon
 h - 3 scrolls of blinking
 x - a scroll of enchant armour
 y - a scroll of fear {unknown}
 A - a scroll of fog {unknown}
 K - a scroll of summoning {unknown}
 L - a scroll of teleportation
Potions
 i - 3 potions of curing
 j - 3 potions of brilliance
 m - 2 potions of heal wounds
 u - 3 potions of flight
 w - 3 potions of invisibility
 B - a potion of might
 E - 2 potions of haste
 J - a potion of beneficial mutation {unknown}
 O - a potion of ambrosia {unknown}
 S - a potion of cure mutation {unknown}
Books
 p - a book of the Warp

   Spells                             Type                      Level
   a - Recall                         Summoning/Translocation      3
   b - Gell's Gravitas                Hexes/Translocation          3
   c - Force Lance                    Conjuration/Translocation    4
   d - Warp Weapon                    Charms/Translocation         5
   e - Summon Forest                  Summoning/Translocation      5
 G - a book of Ice

   Spells                             Type                      Level
   a - Ice Form                       Ice/Transmutation            4
   b - Metabolic Englaciation         Hexes/Ice                    5
   c - Ozocubu's Refrigeration        Ice                          6
   d - Bolt of Cold                   Conjuration/Ice              6
   e - Freezing Cloud                 Conjuration/Ice/Air          6
   f - Simulacrum                     Ice/Necromancy               6
Miscellaneous
 Q - a phantom mirror
Comestibles
 b - 7 bread rations
 k - 3 meat rations
 r - 6 beef jerkies
 z - 8 fruits


   Skills:
 + Level 9.2 Fighting
 + Level 7.5 Armour
 + Level 7.5 Dodging
 * Level 12.5 Unarmed Combat


You had 5 spell levels left.
You knew the following spells:

 Your Spells              Type           Power        Failure   Level  Hunger
a - Ice Form              Ice/Trmt       #.......     100%        4    #####..


Dungeon Overview and Level Annotations

Branches:
Dungeon (11/15)            Temple (1/1) D:6            Lair (0/8) D:11
    Orc: D:9-12

Altars:
Ashenzari
Cheibriados
Dithmenos
Elyvilon
Fedhas
Gozag
Kikubaaqudgha
Makhleb
Nemelex Xobeh
Okawaru
Pakellas
Qazlal
Ru
Sif Muna
Trog
Vehumet
Xom
Yredelemnul
Zin
The Shining One

Shops:
D:4 !   D:6 (

Annotations:
D:4 ReniFell's ghost, novice MiFi


Innate Abilities, Weirdness & Mutations

You cannot wear boots.
Your serpentine skin is tough (AC +3).
You have supernaturally acute eyesight.
Armour fits poorly on your strangely shaped body.
Your system is resistant to poisons.
You cover ground very slowly.
You have a slow metabolism.
You can exhale a cloud of poison.
You cannot be stealthy.
You are somewhat inexperienced (-2 XL).
You are partially covered in thin metallic scales (AC +2).
You possess an exceptional clarity of mind.
Your magical capacity is low (-10% MP).
You passively map a small area around you.
You are covered in fur (AC +1).
Potions and wands are less effective at restoring your health.
Your spells are a little easier to cast, but a little less powerful.


Message History

The white ugly thing is moderately wounded.
The white ugly thing claws you. The white ugly thing freezes you!
You hit the white ugly thing but do no damage.
The white ugly thing is moderately wounded.
The white ugly thing claws you but does no damage.
You punch the white ugly thing! Your punch misses the white ugly thing.
The white ugly thing is severely wounded.
The white ugly thing claws you! The white ugly thing freezes you!!
You hit the white ugly thing.
The white ugly thing is severely wounded.
You hit the white ugly thing.
The white ugly thing is severely wounded.
The white ugly thing claws you. The white ugly thing freezes you!
You barely miss the white ugly thing.
The white ugly thing is severely wounded.
The white ugly thing looks more healthy.
The white ugly thing claws you!
* * * LOW HITPOINT WARNING * * *
The white ugly thing freezes you!!
You die...

.....................#
.........######......#
.........# ,, #......#
.....>...# , #.....##
.........# #.....#
.........###+##.....#
....................#
###.................#
######...@...#* , ,,
####u.....# , ,,, ,
#......# *, , #......#
, #......# , ,
,#......# ,, +.....##
, * #..%..# ,


You could see a white ugly thing.

Vanquished Creatures
  Maud (D:11)
  A hydra (D:9)
  An unseen horror (D:11)
  2 hill giants
  The ghost of Ijustatesigmund the Covert, a novice OpAs of Cheibriados (D:7)
  An ugly thing (D:11)
  2 cyclopes
  Maurice (D:9)
  A troll (D:10)
  A two-headed ogre (D:11)
  Prince Ribbit (D:5)
  Sigmund (D:2)
  2 wyverns
  8 yaks
  A wraith (D:11)
  3 hungry ghosts
  Edmund (D:4)
  Duvessa (D:5)
  An ice beast (D:7)
  2 black bears
  2 orc warriors
  4 sky beasts
  A necrophage (D:10)
  3 ogres
  An eye of draining (D:11)
  2 centaurs
  5 phantoms
  4 giant frogs
  Blork the orc (D:3)
  A gnoll sergeant (D:9)
  2 scorpions
  Dowan (D:5)
  14 killer bees
  A howler monkey (D:8)
  13 wights
  2 crimson imps
  A lava snake (D:10)
  A centaur zombie (D:8)
  A quasit (D:9)
  7 hounds
  6 orc priests
  A gnoll shaman (D:9)
  A jelly (D:5)
  Crazy Yiuf (D:3)
  4 iguanas
  8 orc wizards
  2 centaur skeletons (D:10)
  2 giant frog skeletons
  8 worker ants
  A killer bee zombie (D:9)
  A hound skeleton (D:9)
  3 worker ant zombies
  12 gnolls
  20 adders
  A shadow imp (D:7)
  An ooze (D:4)
  An adder zombie (D:6)
  An adder skeleton (D:9)
  A worm (D:2)
  4 dart slugs
  5 giant geckos
  47 orcs
  2 giant cockroaches
  5 hobgoblins
  5 kobolds
  2 quokkas
  A ball python (D:2)
  6 bats
  A giant gecko skeleton (D:8)
  9 giant newts
  8 goblins
  3 quokka skeletons
  10 rats
  2 fungi (D:3)
285 creatures vanquished.

Vanquished Creatures (others)
  A hound skeleton (D:7)
1 creature vanquished.

Grand Total: 286 creatures vanquished

Notes
Turn   | Place    | Note
--------------------------------------------------------------
     0 | D:1      | namelastname112 the Naga Monk began the quest for the Orb.
     0 | D:1      | Reached XP level 1. HP: 21/21 MP: 1/1
   153 | D:1      | Reached XP level 2. HP: 16/28 MP: 2/2
   388 | D:1      | Reached skill level 1 in Armour
   856 | D:1      | Reached XP level 3. HP: 34/34 MP: 3/3
  1193 | D:2      | Reached XP level 4. HP: 39/42 MP: 4/4
  1717 | D:2      | Noticed Sigmund
  1736 | D:2      | Killed Sigmund
  1736 | D:2      | Reached skill level 5 in Unarmed Combat
  1736 | D:2      | Reached XP level 5. HP: 34/50 MP: 5/5
  1736 | D:2      | Reached XP level 6. HP: 39/57 MP: 6/6
  1878 | D:2      | Found a deep blue altar of Sif Muna.
  2336 | D:3      | Found a shadowy altar of Dithmenos.
  2829 | D:3      | Found a blossoming altar of Fedhas.
  2829 | D:3      | Found a basalt altar of Yredelemnul.
  2932 | D:3      | Noticed Crazy Yiuf
  2943 | D:3      | Killed Crazy Yiuf
  2999 | D:4      | Noticed ReniFell's ghost (novice MiFi)
  3003 | D:4      | Noticed Blork the orc
  3024 | D:3      | Killed Blork the orc
  3490 | D:4      | Noticed Edmund
  3531 | D:4      | Killed Edmund
  3531 | D:4      | Reached skill level 6 in Unarmed Combat
  3531 | D:4      | Reached XP level 7. HP: 44/66 MP: 7/7
  3796 | D:4      | Found Otilio's Distillery.
  3804 | D:4      | Bought a potion of heal wounds for 65 gold pieces
  4041 | D:4      | Found a white marble altar of Elyvilon.
  4139 | D:5      | Entered Level 5 of the Dungeon
  4153 | D:5      | Found a stormy altar of Qazlal.
  4159 | D:5      | Noticed Prince Ribbit
  4206 | D:5      | Killed Prince Ribbit
  4317 | D:5      | Found a bloodstained altar of Trog.
  4344 | D:5      | Reached XP level 8. HP: 64/73 MP: 8/8
  4360 | D:5      | Reached skill level 5 in Fighting
  4451 | D:5      | Noticed Dowan
  4452 | D:5      | Noticed Duvessa
  4475 | D:5      | Killed Dowan
  4504 | D:5      | Killed Duvessa
  4504 | D:5      | Reached skill level 7 in Unarmed Combat
  4532 | D:5      | Gained mutation: You passively map a small area around you. [mutagenic meat]
  4533 | D:5      | Gained mutation: Your spells are a little easier to cast, but a little less powerful. [mutagenic meat]
  4736 | D:5      | Found a burning altar of Makhleb.
  5473 | D:6      | Reached skill level 8 in Unarmed Combat
  5473 | D:6      | Reached XP level 9. HP: 58/82 MP: 9/9
  5721 | D:6      | Found a staircase to the Ecumenical Temple.
  5728 | Temple   | Entered the Ecumenical Temple
  5761 | Temple   | Became a worshipper of Ru the Awakened
  5775 | Temple   | Gained mutation: You cannot be stealthy. [Ru sacrifice]
  5963 | D:6      | Reached skill level 5 in Dodging
  6478 | D:6      | Reached skill level 5 in Armour
  6502 | D:6      | Found Betzot's Antique Weapon Boutique.
  6589 | D:7      | Reached skill level 9 in Unarmed Combat
  6882 | D:7      | You fall through a shaft for 2 floors!
  7302 | D:8      | Found a radiant altar of Vehumet.
  7548 | D:8      | Gained mutation: You evolve. [mutagenic meat]
  7549 | D:8      | Lost mutation: You evolve. [mutagenic meat]
  7550 | D:8      | Gained mutation: You are covered in fur (AC +1). [mutagenic meat]
  7551 | D:8      | Gained mutation: You possess an exceptional clarity of mind. [mutagenic meat]
  7913 | D:7      | Noticed Ijustatesigmund's ghost (novice OpAs)
  7933 | D:8      | Reached XP level 10. HP: 82/92 MP: 10/10
  7952 | D:7      | Killed Ijustatesigmund's ghost
  8494 | D:8      | Reached skill level 10 in Unarmed Combat
  8690 | D:9      | Noticed Maurice
  8704 | D:9      | Killed Maurice
  9077 | D:9      | Found an iron altar of Okawaru.
  9101 | D:9      | Found a snail-covered altar of Cheibriados.
  9379 | D:10     | Entered Level 10 of the Dungeon
  9495 | D:10     | Learned a level 4 spell: Ice Form
  9728 | D:10     | Noticed a cyclops
  9833 | D:10     | Noticed a hill giant
  9844 | D:10     | Killed a hill giant
  9844 | D:10     | Reached skill level 11 in Unarmed Combat
  9844 | D:10     | Reached XP level 11. HP: 92/103 MP: 11/11
  9853 | D:10     | Gained mutation: Your magical capacity is low (-10% MP). [mutagenic meat]
  9855 | D:10     | Gained mutation: Potions and wands are less effective at restoring your health. [mutagenic meat]
  9856 | D:10     | Gained mutation: You can exhale a cloud of poison. [mutagenic meat]
  9857 | D:10     | Gained mutation: You are partially covered in thin metallic scales (AC +2). [mutagenic meat]
 10557 | D:10     | Killed a cyclops
 11179 | D:9      | Noticed a seven-headed hydra
 11192 | D:9      | Killed a seven-headed hydra
 11593 | D:9      | Found a sparkling altar of Nemelex Xobeh.
 12075 | D:11     | Noticed a hill giant
 12094 | D:11     | Killed a hill giant
 12356 | D:11     | Gained mutation: You are somewhat inexperienced (-2 XL). [Ru sacrifice]
 12356 | D:11     | Reached XP level 10. HP: 98/98 MP: 18/18
 12356 | D:11     | Reached XP level 9. HP: 90/90 MP: 17/17
 12356 | D:11     | Reached * piety under Ru
 12356 | D:11     | Reached ** piety under Ru
 12365 | D:11     | Noticed an unseen horror
 12370 | D:11     | Killed an unseen horror
 12370 | D:11     | Reached skill level 12 in Unarmed Combat
 12392 | D:11     | Noticed Maud
 12403 | D:11     | Killed Maud
 12403 | D:11     | Reached XP level 10. HP: 58/99 MP: 9/9
 13152 | D:11     | Noticed a cyclops
 13168 | D:11     | Killed a cyclops
 13334 | D:11     | Found a staircase to the Lair.
 13353 | D:11     | crauler: вспомнил нагу, решил за нагу?
 13407 | D:11     | namelastname112: все равно грейтмонка делаю
 13407 | D:11     | Noticed a purple ugly thing
 13418 | D:11     | Killed a purple ugly thing
 13664 | D:11     | crauler: взял бы чеи тогда
 13679 | D:11     | namelastname112: в пизду
 13679 | D:11     | namelastname112: надоел чеи
 13688 | D:11     | Noticed a white ugly thing
 13698 | D:11     | Mangled by a white ugly thing

Vault maps used:
D:1:      roderic_crop_circles_arrival_small
D:2:      lemuel_crystal_altar, uniq_sigmund
D:3:      lemuel_crystal_altar, minitemple, uniq_crazy_yiuf_cottage
D:4:      elyvilon_altar_1, serial_shops, shop, kennysheep_cluttered_room,
          uniq_edmund, uniq_blork_the_orc
D:5:      grunt_qazlal_clouds, lemuel_crystal_altar, makhleb_heckhound_becter,
          first_bread, st_stairs_3, moated_statue, hex_medium,
          uniq_prince_ribbit1, uniq_duvessa
D:6:      temple_green, serial_shops, nicolae_shop_window_shopping,
          grunt_tough_drop
D:7:      grunt_ogre_cave
D:8:      vehumet_altar_wand_db
D:9:      lemuel_upstairs_altar, lemuel_doored_altar,
          nicolae_overflow_crystal_walls, lemuel_crystal_altar, uniq_maurice
D:10:     minmay_misc_feat_enclosed, nicolae_lava_and_water
D:11:     lair_0_dummy, serial_column_ruins, column_ruins_columns_plus,
          column_ruins_corridor_T, column_ruins_open_small,
          column_ruins_columns_straight, column_ruins_open_small, uniq_maud
Temple:   minmay_temple_bridge_a_8

Skill      XL: |  1  2  3  4  5  6  7  8  9 10 11 |
---------------+----------------------------------+-----
Armour         | 1 2 3 4 5 6 7 |  7.5
Dodging        | 3 4 7 6 |  7.5
Unarmed Combat | 5 6 8 12 11 | 12.5
Fighting       | 4 5 9 8 |  9.2
Stealth        | 0 |  0.0

Action                   |  1- 3 |  4- 6 |  7- 9 | 10-12 || total
-------------------------+-------+-------+-------+-------++-------
Melee: Unarmed           |    80 |   164 |   421 |   534 ||  1199
Invok: Sacrifice Stealth |       |       |     1 |       ||     1
       Sacrifice Experie |       |       |     1 |       ||     1
       Reject Sacrifices |       |       |       |     1 ||     1
 Abil: Spit Poison       |    12 |    18 |    26 |     6 ||    62
       Breathe Poison Ga |       |       |     2 |    13 ||    15
Evoke: Wand              |       |       |       |     7 ||     7
  Use: Potion            |       |     3 |     4 |     1 ||     8
       Scroll            |       |     3 |    10 |     4 ||    17
 Stab: Sleeping          |     1 |     5 |     3 |       ||     9
       Paralysed         |       |       |       |     8 ||     8
  Eat: Chunk             |     1 |     4 |    15 |    23 ||    43
       Meat ration       |       |     1 |     1 |       ||     2
       Royal jelly       |       |       |     1 |     1 ||     2
       Beef jerky        |       |       |       |     2 ||     2
